 Dungeon Crawl Stone Soup version 0.29.1-15-g9cfb28693d (webtiles) character file.

Game seed: 17379509584773348152

44 Heoruswealwe the Insei (level 4, -2/25 (36) HPs)
             Began as a Meteoran Transmuter on Feb 25, 2023.
             Was a Follower of Kikubaaqudgha.
             Slain by an adder (3 damage)
             ... on level 3 of the Dungeon.
             The game lasted 00:14:20 (1453 turns).

Heoruswealwe the Insei (Meteoran Transmuter)        Turns: 1453, Time: 00:14:22

HP:   -2/25 (36)    AC:  2    Str: 13    XL:     4   Next: 8%
MP:   9/9           EV: 13    Int: 15    God:    Kikubaaqudgha [*.....]
Gold: 165           SH:  0    Dex: 14    Spells: 8/9 levels left

rFire   . . .      SeeInvis .     - Unarmed
rCold   . . .      Faith    .   (no shield)
rNeg    . . .      Spirit   .   a - +0 robe
rPois   .          Reflect  .   (no helmet)
rElec   .          Harm     .   (no cloak)
rCorr   .          Rampage  .   (no gloves)
Will    .....                   (no boots)
Stlth   +.........              (no amulet)
HPRegen 0.08/turn               (no ring)
MPRegen 0.11/turn               (no ring)

@: glowing, very heavily drained
A: sense surroundings 1, otherworldly, glowing, explore regen
a: Renounce Religion, Unearth Wretches


You were on level 3 of the Dungeon.
You worshipped Kikubaaqudgha.
Kikubaaqudgha was aware of your devotion.
You visited 1 branch of the dungeon, and saw 3 of its levels.

You collected 165 gold pieces.

Inventory:

Hand Weapons
 h - the +9 trident of Fragile Peace {holy, rN+ Dex+3}
   (You found it on level 2 of the Dungeon)

   It has been blessed by the Shining One to cause great damage to the undead
   and demons.
   Dex:       It affects your dexterity (+3).
   rN:        It protects you from negative energy.
Armour
 a - a +0 robe (worn)
Jewellery
 f - a ring of fire
Scrolls
 e - 2 scrolls of immolation {unknown}
 i - a scroll of identify {unknown}
 j - a scroll of teleportation {unknown}
 k - a scroll of fog {unknown}
 l - a scroll of enchant armour {unknown}
 m - a scroll of poison {unknown}
 n - a scroll of fear {unknown}
Potions
 b - 2 potions of lignification
 c - a potion of flight {unknown}
 d - 2 potions of mutation {unknown}
 g - a potion of curing {unknown}


   Skills:
 + Level 1.9 Fighting
 + Level 3.0 Dodging
 + Level 4.0 Unarmed Combat
 + Level 3.2 Spellcasting
 + Level 3.0 Transmutations


You had 8 spell levels left.
You knew the following spells:

 Your Spells              Type           Power      Damage    Failure   Level
a - Beastly Appendage     Tmut           22%        N/A       6%          1

Your spell library contained the following spells:

 Spells                   Type           Power      Damage    Failure   Level
 Wereblood                Tmut           11%        N/A       9%          2
 Magic Dart               Conj           8%         1d3       21%         1
 Necrotise                Necr           8%         1d4       21%         1
 Call Imp                 Summ           2%         N/A       30%         2
 Sublimation of Blood     Necr           2%         N/A       30%         2
 Spider Form              Tmut/Pois      6%         N/A       32%         3
 Mephitic Cloud           Conj/Pois/Air  2%         N/A       52%         3
 Vampiric Draining        Necr           2%         2d6       52%         3
 Ice Form                 Ice/Tmut       6%         N/A       71%         4
 Animate Dead             Necr           2%         N/A       89%         4


Dungeon Overview and Level Annotations

Branches:
Dungeon (3/15) Zot: 554

Altars:
Kikubaaqudgha


Innate Abilities, Weirdness & Mutations

You passively map a small area around you.
You are easily found by Zot.
You glow in the dark.
You regain HP and MP as you explore.


Message History

You open the door.
A rat and an adder come into view.
The adder hisses angrily.
The adder bites you.
There is an open door, spattered with blood here.
You closely miss the adder. You claw the adder, but do no damage.
The rat misses you. The adder bites you but does no damage.
You miss the adder. Your kick misses the adder. Your punch misses the adder.
The rat bites you. The adder bites you but does no damage.
You hit the adder. You claw the adder, but do no damage.
The adder is moderately wounded.
The adder bites you.
You are poisoned.
The adder poisons you! The rat bites you.
You miss the adder.
The adder is moderately wounded.
Your horns disappear.
Your talons disappear.
You feel sick. The adder bites you. The rat completely misses you.
You hit the adder but do no damage.
The adder is moderately wounded.
The adder bites you. The rat bites you. The adder bites you but does no damage.
You barely miss the adder.
The adder is moderately wounded.
You feel sick. The rat misses you. The adder bites you.
You hit the adder.
The adder is heavily wounded.
You feel sick. The adder barely misses you. The rat bites you.
* * * LOW HITPOINT WARNING * * *
You closely miss the adder.
The adder is heavily wounded.
You feel sick. The adder closely misses you. The rat bites you.
* * * LOW HITPOINT WARNING * * *
You barely miss the adder.
The adder is heavily wounded.
* * * LOW HITPOINT WARNING * * *
You feel sick.
You are no longer poisoned.
The adder bites you.
You die...
Kikubaaqudgha rasps: "You have failed me!
Welcome... death!"

, * ...#.......# ,
,.#.###.##### ,
##.....###### **
###........##### ,
.......(.>.......#
* *
.####..).........#
#............# *
*#............# *
#####@##.....# ,
#...Sr#.....#
#.#...####### #
#...# * * #...#
#...# ,* #...#
#...# *


You could see an adder and a rat.

Vanquished Creatures
  An adder (D:2)
  A worm (D:2)
  3 endoplasms
  A giant cockroach (D:1)
  2 hobgoblins
  3 kobolds (D:2)
  4 quokkas
  5 ball pythons
  7 bats
  A frilled lizard (D:2)
  2 goblins
30 creatures vanquished.

Vanquished Creatures (others)
  A plant (D:2)
1 creature vanquished.

Grand Total: 31 creatures vanquished

Notes
Turn   | Place    | Note
-------+----------+-------------------------------------------
     0 | D:1      | Heoruswealwe the Meteoran Transmuter began the quest for
                  | the Orb.
     0 | D:1      | Reached XP level 1. HP: 16/16 MP: 5/5
   136 | D:1      | Reached XP level 2. HP: 3/23 MP: 4/6
   157 | D:1      | Found a faded altar of an unknown god.
   166 | D:1      | Prayed at the altar of an unknown god.
   166 | D:1      | Became a worshipper of Kikubaaqudgha
   166 | D:1      | Reached * piety under Kikubaaqudgha
   166 | D:1      | Received a gift from Kikubaaqudgha
   503 | D:1      | Glimpsed the power of Zot.
   708 | D:2      | Reached XP level 3. HP: 26/28 MP: 8/8
   788 | D:2      | Identified the +9 trident of Fragile Peace {holy, rN+
                  | Dex+3}
  1077 | D:2      | Reached skill level 4 in Unarmed Combat
  1106 | D:2      | Glimpsed the power of Zot.
  1156 | D:2      | Glimpsed the power of Zot.
  1197 | D:2      | Glimpsed the power of Zot.
  1206 | D:2      | Touched by the power of Zot.
  1247 | D:2      | Reached XP level 4. HP: 12/25 MP: 9/9
  1307 | D:2      | Glimpsed the power of Zot.
  1357 | D:2      | Glimpsed the power of Zot.
  1453 | D:3      | HP: 1/25 [poisoned by an adder]
  1453 | D:3      | Slain by an adder

Illustrated notes

Levels and vault maps discovered:
D:1:      saegor_arrival_simple_e, layout_rooms, basic_ecumenical_altar
D:2:      layout_basic, corexii_shack
D:3:      layout_basic

Skill      XL: |  1  2  3  4 |
---------------+-------------+-----
Spellcasting   | 3 |  3.2
Dodging        | 3 |  3.0
Unarmed Combat | 4 |  4.0
Transmutations | 3 |  3.0
Fighting       | |  1.9

Action                   |  1- 3 |  4- 6 || total
-------------------------+-------+-------++-------
Melee: Unarmed           |   103 |    11 ||   114
       Kick              |    17 |     2 ||    19
       Headbutt          |     5 |     1 ||     6
 Cast: Beastly Appendage |    18 |     2 ||    20
Armor: Robe              |    35 |     3 ||    38
Dodge: Dodged            |    72 |     6 ||    78
